 Dungeon Crawl Stone Soup version 0.22-a0-38-gc6ec8ce517 (webtiles) character file.

91 Kaname the Conjurer (level 4, 10/30 HPs)
             Began as a Demonspawn Wizard on Jan 4, 2018.
             Quit the game on level 2 of the Dungeon.
             The game lasted 00:11:36 (2956 turns).

Kaname the Conjurer (Demonspawn Wizard)             Turns: 2956, Time: 00:11:37

Health: 10/30      AC:  8    Str:  5 (7)  XL:     4   Next: 34%
Magic:  0/8        EV: 17    Int: 17 (20) God:
Gold:   19         SH:  0    Dex: 17      Spells: 3/9 levels left

rFire    . . .     SeeInvis +   j - +0 spear
rCold    . . .     Gourm    .   (no shield)
rNeg     . . .     Faith    .   a - +0 robe
rPois    .         Spirit   .   b - +0 hat
rElec    .         Reflect  .   (no cloak)
rCorr    .         Harm     .   (no gloves)
MR       .....                  (no boots)
Stlth    ++++......             (no amulet)
HPRegen  0.10/turn              i - ring of see invisible
MPRegen  0.11/turn              (no ring)

@: agile, seriously poisoned (10 -> 2), sanguine armour
A: talons 1, nightstalker 1, sanguine armour 1
a: no special abilities


You were on level 2 of the Dungeon.
You were not hungry.

You visited 1 branch of the dungeon, and saw 2 of its levels.

You collected 19 gold pieces.

Inventory:

Hand Weapons
 j - a +0 spear (weapon)
Missiles
 h - 2 javelins (quivered)
Armour
 a - a +0 robe (worn)
 b - a +0 hat (worn)
Jewellery
 i - a ring of see invisible (left hand)
Scrolls
 f - a scroll of identify {unknown}
Books
 c - a book of Minor Magic

   Spells                             Type                      Level
   a - Magic Dart                     Conjuration                  1
   b - Blink                          Translocation                2
   c - Call Imp                       Summoning                    2
   d - Slow                           Hexes                        2
   e - Conjure Flame                  Conjuration/Fire             3
   f - Mephitic Cloud                 Conjuration/Poison/Air       3
Comestibles
 d - 4 rations
 g - a chunk of flesh


   Skills:
 - Level 1.7 Dodging
 - Level 1.7 Stealth
 - Level 3.0 Spellcasting
 + Level 4.0 Conjurations
   Level 1.0 Summonings
 - Level 1.0 Translocations
 - Level 1.0 Poison Magic


You had 3 spell levels left.
You knew the following spells:

 Your Spells              Type           Power        Failure   Level  Hunger
a - Magic Dart            Conj           ###.         3%          1    None
b - Blink                 Tloc           N/A          17%         2    ##.....
c - Mephitic Cloud        Conj/Pois/Air  #.......     26%         3    ###....


Dungeon Overview and Level Annotations

Branches:
Dungeon (2/15)

Altars:


Innate Abilities, Weirdness & Mutations

You have sharp toenails.
You are slightly more attuned to the shadows.
When seriously injured, your bleeding wounds create armour. (AC +6)


Message History

You barely miss the worker ant. You claw the worker ant.
The worker ant is almost dead.
You feel sick. The worker ant misses you. x2
Casting: Magic Dart
Confirm with . or Enter, or press ? or * to list all spells.
Aiming: Magic Dart
Press: ? - help, Shift-Dir - straight line, f/p - worker ant
Aim: a worker ant (almost dead)
The magic dart hits the worker ant.
The worker ant is almost dead.
You feel sick. The worker ant misses you.
You hit the worker ant.
You kill the worker ant!
You feel your dexterity returning.
Your Conjurations skill increases to level 4!
You have reached level 4!
You feel agile.
Your demonic ancestry asserts itself...
You feel your blood ready itself to protect you.
Your blood congeals into armour.
You feel sick.
Are you sure you want to abandon this character and quit the game? (Confirm with "yes".)

... #.#.##.....####......[
...####'#.....#### .......##
..............[####.#.....##
....................#.......
...............######..##...
#.....................##...
#......................###.
#..........................
#.........@................
#.........†...#######......
#.............# ######..###
#.............# #.......##
#.............# #........#
#....####....# #......#.##
.... #....###......#.#. ..
).............#.#.
....a.............


There were no monsters in sight!

Vanquished Creatures
  A worker ant (D:2)
  An adder (D:2)
  An ooze (D:2)
  3 worms (D:2)
  2 leopard geckos (D:1)
  A giant cockroach (D:1)
  8 goblins
  6 hobgoblins
  4 kobolds
  A quokka (D:2)
  4 bats
  5 frilled lizards
  6 rats
43 creatures vanquished.

Notes
Turn   | Place    | Note
-------+----------+-------------------------------------------
     0 | D:1      | Kaname the Demonspawn Wizard began the quest for the Orb.
     0 | D:1      | Reached XP level 1. HP: 13/13 MP: 4/4
   241 | D:1      | Reached skill level 2 in Conjurations
   673 | D:1      | Gained mutation: You are slightly more attuned to the shadows. [demonic ancestry]
   673 | D:1      | Reached XP level 2. HP: 8/19 MP: 0/6
  1256 | D:2      | Reached skill level 3 in Conjurations
  1268 | D:2      | Gained mutation: You have sharp toenails. [demonic ancestry]
  1268 | D:2      | Reached XP level 3. HP: 16/24 MP: 1/7
  1272 | D:2      | Learned a level 2 spell: Blink
  1276 | D:2      | Learned a level 3 spell: Mephitic Cloud
  1364 | D:2      | Reached skill level 1 in Translocations
  1589 | D:2      | HP: 1/24 [goblin/stone (9)]
  1654 | D:2      | Reached skill level 1 in Poison Magic
  2414 | D:2      | Noticed a necrophage
  2955 | D:2      | Reached skill level 4 in Conjurations
  2955 | D:2      | Gained mutation: When seriously injured, your bleeding wounds create armour. (AC +6) [demonic ancestry]
  2955 | D:2      | Reached XP level 4. HP: 11/30 MP: 0/8
  2956 | D:2      | Quit the game

Vault maps used:
D:1:      eino_arrival_cavern_e

Skill      XL: |  1  2  3 |
---------------+----------+-----
Conjurations   | 2 3 4 |  4.0
Translocations | 1 |  1.0
Poison Magic   | 1 |  1.0
Dodging        | |  1.7
Stealth        | |  1.7
Spellcasting   | |  3.0
Summonings     | |  1.0

Action                   |  1- 3 |  4- 6 || total
-------------------------+-------+-------++-------
Melee: Unarmed           |    40 |       ||    40
       Spear             |    19 |       ||    19
       Dagger            |    17 |       ||    17
       Kick              |     5 |       ||     5
 Cast: Magic Dart        |   144 |       ||   144
       Blink             |     2 |       ||     2
       Mephitic Cloud    |     1 |       ||     1
  Use: Potion            |     3 |       ||     3
       Scroll            |     2 |       ||     2
 Stab: Sleeping          |     2 |       ||     2
  Eat: Chunk             |     6 |       ||     6
Armor: Robe              |    17 |       ||    17
Dodge: Dodged            |    57 |       ||    57

Table legend:
 A = Spawn XP
 B = Non-spawn XP
 C = Spawn XP percentage of total XP
 D = Spawn monster count
 E = Non-spawn monster count
 F = Spawn count percentage of total count
 G = Total turns spent on level
                    A         B        C        D         E        F      G
               +---------+---------+-------+---------+---------+-------+---------
         Total |       0 |     131 |   0.0 |       0 |      43 |   0.0 |  2956
               +---------+---------+-------+---------+---------+-------+---------
           D:1 |       0 |      33 |   0.0 |       0 |      19 |   0.0 |  1468
           D:2 |       0 |      98 |   0.0 |       0 |      24 |   0.0 |  1488
               +---------+---------+-------+---------+---------+-------+---------
